Map: Neon Violet Square LE

Players

Elekris - Winner!

  • Race: Zerg Zerg
  • League: Diamond
  • Spawn Location: 5:00

A.I. 1 (Elite)

  • Race: Protoss Protoss
  • Spawn Location: 11:00

VOD

Have the link to the VOD?

Description

Time

  • Played on: Dec. 16, 2017, 4:46 p.m.
  • Length: 4:32
Show
View Real Time Build Order
Export as new Build Order

Elekris Zerg - Winner!

Build Orders: Hatch First 

Get SALT Encoding   

  12  0:01  Drone  
  13  0:13  Overlord  
  13  0:18  Drone  
  14  0:31  Drone x2  
  14  0:35  Drone  
  17  0:54  Hatchery  
  17  0:57  Drone  
  17  1:00  Drone  
  17  1:03  Extractor  
  17  1:16  Spawning Pool  
  16  1:20  Drone  
  16  1:23  Drone  
  18  1:29  Drone  
  19  1:39  Overlord  
  19  1:50  Drone  
  20  2:03  Queen  
  20  2:04  Metabolic Boost  
  20  2:08  Queen  
  24  2:11  Zergling x2  
  24  2:15  Zergling x2  
  26  2:18  Zergling x2  
  26  2:21  Zergling x2  
  28  2:28  Baneling Nest  
  27  2:31  Zergling x2  
  27  2:34  Zergling x2  
  29  2:40  Zergling x2  
  30  2:46  Overlord  
  30  2:48  Zergling x2  
  31  2:57  Zergling x4  
  33  3:00  Zergling x2  
  35  3:05  Zergling x2  
  35  3:12  Zergling x2  
  36  3:17  Zergling x6  
  38  3:21  Zergling x2  
  39  3:30  Zergling x2  
  39  3:31  Zergling x4  
  38  3:35  Zergling x2  
  38  3:37  Zergling x2  
  40  3:41  Zergling x2  
  40  3:46  Zergling x4  
  39  3:52  Zergling x2  
  37  3:56  Zergling x2  
  38  4:06  Zergling x6  
  38  4:09  Zergling x2  
  42  4:11  Zergling x2  
Show
View Real Time Build Order
Export as new Build Order

A.I. 1 (Elite) Protoss 

Build Orders:  

Get SALT Encoding   

  12  0:00  Probe  
  13  0:13  Probe  
  14  0:21  Pylon  
  14  0:25  Probe  
  15  0:39  Probe  
  16  0:47  Assimilator  
  16  0:50  Gateway  
  16  0:51  Probe  
  17  1:00  Pylon  
  17  1:04  Probe  
  18  1:16  Probe  
  19  1:28  Probe  
  20  1:38  Zealot  
  22  1:40  Cybernetics Core, Probe, Gateway  
  23  1:52  Pylon, Probe  
  24  2:04  Probe  
  24  2:05  Zealot  
  27  2:16  Probe, Assimilator  
  27  2:18  Warp Gate  
  28  2:28  Probe  
  29  2:32  Adept x2  
  33  2:40  Probe  
  33  2:47  Pylon  
  33  2:52  Probe  
  34  2:59  Adept, Sentry  
  34  3:05  Probe  
  39  3:17  Probe  
  40  3:24  Nexus  
  40  3:29  Probe  
  39  3:35  Stalker  
  39  3:41  Probe  
  40  3:48  Zealot  
  40  3:53  Probe  
  35  4:05  Adept, Probe  
  25  4:17  Probe  
Tags
 
Add a new tag
Caveats
  • Supply blocks, unpowered buildings, or Contaminate may cause inaccurate times.
  • Supply counts are checked every 10 seconds.